 Dungeon Crawl Stone Soup version 0.23-a0-419-g0174fd80c1 (webtiles) character file.

4 LostNumber the Charlatan (level 1, -4/10 HPs)
             Began as a Vine Stalker Artificer on Nov 14, 2018.
             Slain by a goblin
             ... wielding a +1 dagger of electrocution
              (14 damage)
             ... on level 1 of the Dungeon.
             The game lasted 00:00:28 (77 turns).

LostNumber the Charlatan (Vine Stalker Artificer)     Turns: 77, Time: 00:00:29

Health: -4/10      AC:  3    Str: 14    XL:     1   Next: 70%
Magic:  0/3        EV: 12    Int: 11    God:
Gold:   5          SH:  0    Dex: 14    Spells: 0/0 levels left

rFire    . . .     SeeInvis .   a - +0 short sword
rCold    . . .     Gourm    .   (no shield)
rNeg     . . .     Faith    .   b - +0 leather armour
rPois    .         Spirit   +   (no helmet)
rElec    .         Reflect  .   (no cloak)
rCorr    .         Harm     .   (no gloves)
MR       .....                  (no boots)
Stlth    ++........             (no amulet)
HPRegen  0.03/turn              (no ring)
MPRegen  0.08/turn              (no ring)

@: no status effects
A: fangs 2, magic shield, antimagic bite, no potion heal 3, rot immunity
a: no special abilities


You were on level 1 of the Dungeon.
You were not hungry.

You visited 1 branch of the dungeon, and saw 1 of its levels.

You collected 5 gold pieces.

Inventory:

Hand Weapons
 a - a +0 short sword (weapon)
Armour
 b - a +0 leather armour (worn)
Wands
 c - a wand of flame (15)
 d - a wand of enslavement (15)
 e - a wand of random effects (15)
Scrolls
 g - a scroll of identify {unknown}
 h - a scroll of enchant armour {unknown}
Comestibles
 f - a ration


   Skills:
 + Level 1.0 Fighting
 * Level 1.2 Short Blades
 + Level 1.6 Dodging
 - Level 1.2 Stealth
 - Level 2.6 Evocations


You couldn't memorise any spells.
You didn't know any spells.
Your spell library was empty.

Dungeon Overview and Level Annotations

Branches:
Dungeon (1/15)

Altars:


Innate Abilities, Weirdness & Mutations

You have extremely sharp teeth.
When hurt, damage is shared between your health and your magic reserves.
Your bite disrupts and absorbs the magic of your enemies.
Potions cannot restore your health.
You are immune to rotting.


Message History

No target in view!
Things that are here:
a frilled lizard corpse; a kobold corpse A rat comes into view.
A rat is nearby!
A goblin comes into view. It is wielding a +0 dagger.
The goblin unwields a +0 dagger.
The goblin drops a +0 dagger.
The goblin picks up a glowing dagger.
The goblin wields a glowing dagger.
You hear the crackle of electricity.
Found a +0 dagger.
The rat bites you but does no damage.
You hit the rat.
You kill the rat!
The goblin closely misses you.
You closely miss the goblin. Your bite misses the goblin.
The goblin completely misses you.
You closely miss the goblin. The goblin hits you but does no damage.
You are electrocuted!
Ouch! That really hurt!
You die...

. ###≈P.. ..#.
#.#.≈≈P
..#.##.#)#.#
...........
.........
........#
#####..g.# .
........@###....
###............
##.....##.....
#..#....# ....
#.##....# ...
#.##.##†# ..
#....#..# ..
##########(##....
#.................


You could see a goblin.

Vanquished Creatures
  A goblin (D:1)
  A frilled lizard (D:1)
  A kobold (D:1)
  3 rats (D:1)
6 creatures vanquished.

Notes
Turn   | Place    | Note
-------+----------+-------------------------------------------
     0 | D:1      | LostNumber the Vine Stalker Artificer began the quest for
                  | the Orb.
     0 | D:1      | Reached XP level 1. HP: 9/9 MP: 3/3
    34 | D:1      | Reached skill level 1 in Short Blades
    50 | D:1      | Reached skill level 1 in Fighting
    77 | D:1      | Slain by a goblin

Vault maps used:
D:1:      dpeg_arrival_rooms_a, minivault_5, serial_bayou_pond_e

Skill      XL: |  1 |
---------------+----+-----
Short Blades   | 1 |  1.2
Fighting       | 1 |  1.0
Dodging        | |  1.6
Stealth        | |  1.2
Evocations     | |  2.6

Action                   || total
-------------------------++-------
Melee: Short sword       ||    15
       Bite              ||     2
Armor: Leather armour    ||     1
Dodge: Dodged            ||    12

Table legend:
 A = Non-vault XP
 B = Vault XP
 C = Vault XP percentage of total XP
 D = Non-vault monster count
 E = Vault monster count
 F = Vault count percentage of total count
                 A         B        C        D         E       F
            +---------+---------+-------+---------+---------+-------
      Total |       7 |       0 |   0.0 |       6 |       0 |   0.0
            +---------+---------+-------+---------+---------+-------
        D:1 |       7 |       0 |   0.0 |       6 |       0 |   0.0
            +---------+---------+-------+---------+---------+-------
